AoeStats
← Rumcajs

Oasis

509917185Analyzed
4v4 RM · 3d ago on Sep 28, 2026· 27m 57s· 8 players
Game mode
Random Map
Map size
Large (8 player)
Population
200
Speed
Normal
Resources
Standard
Victory
Conquest
Starting age
Dark Age
Ending age
Imperial Age
RankedLock teamsTeams togetherTeam positionsShared explorationLock speedFull tech treeHidden civsTurbo modeCheats
Victory
Defeat
🇨🇳 Magyars · China
1514
+15
🇨🇳 Britons · China
1491
+16
🇨🇳 Ethiopians · China
1469
+17
🇨🇳 Varangians · China
1419
+19
🇬🇧 Armenians · United Kingdom
1556
-20
🇷🇺 Spanish · Russia
1511
-18
🇨🇳 Maya · China
1478
-16
🇵🇱 Aztecs · Poland
1403
-13
雨浩
8:57 Loom
10:42 Feudal Age
10:22 Loom
14:36 Castle Age
13:47 Loom
14:28 Double-Bit Axe
24:13 Horse Collar
27:09 Loom
27:47 Bloodlines
amonxzol
7:01 Loom
9:10 Feudal Age
12:58 Scale Barding Armor
17:07 Bloodlines
24:30 Horse Collar
24:36 Double-Bit Axe
Rumcajs
2:52 Loom
11:45 Feudal Age
17:12 Fletching
24:50 Castle Age
24:58 Elite Skirmisher
南良千奈
0:26 Loom
9:01 Feudal Age
13:39 Double-Bit Axe
14:05 Fletching
20:57 Castle Age
19:19 Horse Collar
20:06 Gold Mining
21:02 Crossbowman
21:42 Bodkin Arrow
22:27 Bow Saw
24:29 Wheelbarrow
25:39 Ballistics
养几亿
3:52 Loom
6:29 Loom
8:47 Feudal Age
9:18 Double-Bit Axe
16:19 Wheelbarrow
18:45 Castle Age
16:53 Horse Collar
18:10 Scale Barding Armor
19:11 Bloodlines
19:59 Bow Saw
21:28 Heavy Plow
24:23 Chain Barding Armor
26:06 Forging
Zilove_
6:03 Loom
9:15 Feudal Age
10:04 Double-Bit Axe
14:10 Scale Barding Armor
18:41 Bloodlines
22:46 Gold Mining
25:33 Castle Age
26:37 Chain Barding Armor
27:23 Wheelbarrow
26:25 Light Cavalry
luoul
4:46 Loom
9:31 Feudal Age
10:35 Town Watch
12:12 Double-Bit Axe
15:48 Fletching
24:55 Castle Age
23:11 Padded Archer Armor
25:33 Bodkin Arrow
24:59 Crossbowman
.
5:37 Loom
8:54 Feudal Age
9:22 Double-Bit Axe
16:09 Fletching
25:42 Castle Age
23:42 Horse Collar
24:33 Gold Mining
24:57 Padded Archer Armor
26:16 Padded Archer Armor
26:22 Bodkin Arrow
25:49 Crossbowman
27:19 Wheelbarrow
26:56 Bow Saw
27:08 Heavy Plow
Connection lost

Rejoining the realm…

Still unreachable

The connection could not be restored.

Session expired

The server has moved on; the page needs a fresh start.